 Dungeon Crawl Stone Soup version 0.23.2-30-g0e89c35649 (webtiles) character file.

Game seed: 6152361787148037632

3714 teukkam the Thrower (level 9, 0/106 HPs)
             Began as a Minotaur Chaos Knight on June 25, 2019.
             Was a Plaything of Xom.
             Slain by an orc warrior
             ... wielding a +0 halberd of flaming
              (7 damage)
             ... on level 7 of the Dungeon.
             The game lasted 00:22:05 (5520 turns).

teukkam the Thrower (Minotaur Chaos Knight)         Turns: 5520, Time: 00:22:06

Health: 0/106      AC: 24    Str: 23    XL:     9   Next: 91%
Magic:  14/14      EV:  2    Int: 16    God:    Xom [..*...]
Gold:   180        SH:  0    Dex: 12    Spells: 15/17 levels left

rFire    . . .     SeeInvis .   r - +0 rapier
rCold    . . .     Gourm    .   (no shield)
rNeg     + + +     Faith    .   (armour currently unavailable)
rPois    +         Spirit   .   (helmet currently unavailable)
rElec    .         Reflect  .   (cloak currently unavailable)
rCorr    .         Harm     .   (gloves currently unavailable)
MR       .....     NoTele   +   (boots currently unavailable)
Stlth    +++.......             n - amulet of magic regeneration
HPRegen  0.27/turn              y - +4 ring of intelligence
MPRegen  0.39/turn              (no ring)

@: tree-form
A: (retaliatory headbutt), agile 1, clever 1, strong 2, wild magic 1, evolution
1, MP-powered wands
a: Renounce Religion


You were on level 7 of the Dungeon.
You worshipped Xom.
You were a toy of Xom.
You were not hungry.
You were a tree.
You visited 1 branch of the dungeon, and saw 7 of its levels.

You collected 180 gold pieces.

Inventory:

Hand Weapons
 a - the +1 whip of Zosuikh {flame, *Noise rN+++ Dex+3 Stlth+}
   (You found it on level 4 of the Dungeon)

   It has been specially enchanted to burn those struck by it, causing extra
   injury to most foes and up to half again as much damage against particularly
   susceptible opponents.
   It affects your dexterity (+3).
   It renders you almost immune to negative energy.
   It may make noises in combat.
   It makes you more stealthy.
 b - a +0 hunting sling
 h - a +0 blowgun
 p - a +0 short sword
 q - a +0 whip of freezing
 r - a +0 rapier (weapon)
 x - a +1 hand axe of chaos
 B - a +2 antimagic halberd
Missiles
 f - 9 poisoned needles
 k - 72 bolts
 l - 162 stones
 D - 15 javelins (quivered)
 G - 2 tomahawks
Armour
 g - a +3 leather armour (melded)
 u - a +0 cloak (melded)
Jewellery
 n - an amulet of magic regeneration (around neck)
 y - a +4 ring of intelligence (left branch)
Wands
 C - a wand of disintegration (22)
 E - a wand of acid (7)
Scrolls
 d - 2 scrolls of teleportation
 j - a scroll of blinking
 t - 2 scrolls of immolation
 v - a scroll of enchant weapon
 w - 3 scrolls of identify
 F - a scroll of remove curse
Potions
 e - a potion of mutation
 i - 3 potions of curing
 m - 3 potions of cancellation
 o - 2 potions of brilliance
 s - a potion of lignification
 A - a potion of haste
Comestibles
 c - 5 rations


   Skills:
 - Level 4.1 Fighting
 + Level 2.2 Short Blades
 - Level 4.1(6.2) Axes
 - Level 7.1(7.7) Maces & Flails
 - Level 0.7(5.9) Slings
 - Level 8.6(8.7) Throwing
 - Level 3.1 Armour
 - Level 2.0 Dodging
 + Level 5.9 Stealth
 + Level 4.6 Spellcasting
 - Level 1.4 Hexes
 + Level 4.3 Ice Magic


You had 15 spell levels left.
You knew the following spells:

 Your Spells              Type           Power        Failure   Level  Hunger
a - Ensorcelled Hibernat  Hex/Ice        ###...       11%         2    ##.....

Your spell library contained the following spells:

 Spells                   Type           Power        Failure   Level  Hunger
 Corona                   Hex            ##.....      13%         1    None
 Confuse                  Hex            ##......     34%         3    ###....
 Tukima's Dance           Hex            ##......     34%         3    ###....
 Dazzling Spray           Conj/Hex       #.....       43%         3    ###....


Dungeon Overview and Level Annotations

Branches:
Dungeon (7/15)             Temple (0/1) D:6

Altars:
Cheibriados
Hepliaklqana
Nemelex Xobeh
Qazlal
Sif Muna
Vehumet
Xom
Zin
The Shining One

Annotations:
D:3 Grinder


Innate Abilities, Weirdness & Mutations

((You reflexively headbutt those who attack you in melee.))
((You have a pair of horns on your head.))
You are agile. (Dex +2)
Your mind is acute. (Int +2)
Your muscles are very strong. (Str +4)
Your spells are a little harder to cast, but a little more powerful.
You evolve.
You expend magic power (3 MP) to strengthen your wands.


Message History

The bullfrog is lightly wounded.
The gnoll shaman hits you but does no damage.
The bullfrog hits you but does no damage.
You puncture the bullfrog!
The bullfrog is heavily wounded.
The bullfrog hits you but does no damage.
The gnoll shaman hits you but does no damage.
You are electrocuted!
* * * LOW HITPOINT WARNING * * *
The bullfrog hits you but does no damage.
You feel better.
The gnoll shaman hits you but does no damage.
You are electrocuted!
* * * LOW HITPOINT WARNING * * *
The bullfrog hits you but does no damage.
The orc warrior hits you from afar with a +0 halberd of flaming!
* * * LOW HITPOINT WARNING * * *
The orc warrior burns you!
You die... "What!?
That's it?"

##### ....S .# #
.# ....o #.#
##### #.# #.###
### # #.(##
..### ##
#..###((##....##
.#
#...F♣#(##....
.#
...##.##g.(#..#
#.# #. #o#.#..#
. .. g..##..#
#.# #.
.(o#.#.#.# .# .^
##.##...#.# .# #
.....#.##.# ####
.###..##..#
##.## #. .##..##


You could see an orc warrior, a bullfrog, a gnoll shaman and a friendly +0 whip.

Vanquished Creatures
  Prince Ribbit (D:5)
  A phantom (D:4)
  2 sky beasts
  A centaur (D:5)
  An ogre (D:5)
  A bullfrog (D:7)
  A water moccasin zombie (D:7)
  2 scorpions (D:5)
  A water moccasin skeleton (D:6)
  4 killer bees (D:7)
  A howler monkey (D:7)
  2 crimson imps
  A quasit (D:6)
  A bullfrog zombie (D:6)
  A jelly (D:6)
  2 hounds (D:4)
  An orc wizard (D:6)
  A bullfrog skeleton (D:2)
  2 orc priests
  3 iguanas
  A worker ant (D:6)
  6 gnolls (D:6)
  7 adders
  A shadow imp (D:7)
  An ooze (D:2)
  2 dart slugs
  5 leopard geckos
  14 orcs
  8 bats
  3 giant cockroaches
  12 goblins
  3 hobgoblins
  5 jackals
  2 quokkas
  3 ball pythons
  6 frilled lizards
  8 kobolds
  2 leopard gecko skeletons
  3 rats (D:1)
122 creatures vanquished.

Vanquished Creatures (collateral kills)
  A hungry ghost (D:7)
  2 bullfrogs (D:7)
  A scorpion (D:7)
  A wight (D:7)
  A crimson imp (D:7)
  A howler monkey (D:7)
  A gnoll shaman (D:7)
  A hound (D:7)
9 creatures vanquished.

Vanquished Creatures (others)
  Pikel (D:4)
  A slave (D:4)
  A centaur skeleton (D:4)
  4 toadstools (D:1)
7 creatures vanquished.

Grand Total: 138 creatures vanquished

Notes
Turn   | Place    | Note
-------+----------+-------------------------------------------
     0 | D:1      | teukkam the Minotaur Chaos Knight began the quest for the
                  | Orb.
     0 | D:1      | Reached XP level 1. HP: 19/19 MP: 0/0
    53 | D:1      | XOM: divination: detect items
   125 | D:1      | Reached XP level 2. HP: 26/27 MP: 1/1
   296 | D:1      | XOM: silly message
   300 | D:1      | Reached XP level 3. HP: 31/33 MP: 2/2
   529 | D:1      | XOM: divination: detect items
   756 | D:2      | Learned a level 2 spell: Ensorcelled Hibernation
   768 | D:2      | Reached skill level 1 in Short Blades
   768 | D:2      | Reached XP level 4. HP: 38/40 MP: 3/3
   943 | D:2      | XOM: cloud trail
   992 | D:2      | Reached skill level 1 in Stealth
  1194 | D:2      | XOM: god gift: purple potion {god gift}
  1423 | D:3      | XOM: potion effect (might)
  1480 | D:3      | Noticed Grinder
  1483 | D:3      | Noticed Grinder
  1483 | D:3      | Grinder changed into Grinder the neqoxec
  1483 | D:3      | XOM: polymorph Grinder -> Grinder the neqoxec
  1489 | D:3      | Noticed Grinder
  1489 | D:3      | Grinder the neqoxec changed into Grinder the ynoxinul
  1489 | D:3      | XOM: polymorph Grinder the neqoxec -> Grinder the ynoxinul
  1490 | D:4      | XOM: stealth player
  1652 | D:4      | Reached XP level 5. HP: 46/46 MP: 3/5
  1668 | D:4      | Got an encrusted whip
  1669 | D:4      | Identified the cursed +1 whip of Zosuikh {flame, *Noise
                  | rN+++ Dex+3 Stlth+} (You found it on level 4 of the
                  | Dungeon)
  1737 | D:4      | XOM: 1-stop teleportation journey
  1737 | D:4      | Noticed a phantom
  1768 | D:4      | Killed a phantom
  1768 | D:4      | Reached skill level 1 in Maces & Flails
  1768 | D:4      | Reached skill level 1 in Throwing
  1768 | D:4      | Reached skill level 1 in Spellcasting
  1768 | D:4      | Reached skill level 1 in Hexes
  2001 | D:4      | Noticed a slave
  2001 | D:4      | Noticed a slave
  2069 | D:4      | Reached XP level 6. HP: 50/52 MP: 6/6
  2095 | D:4      | Noticed Pikel
  2095 | D:4      | Noticed a slave
  2096 | D:4      | XOM: summons friendly ufetubus
  2096 | D:4      | Noticed a slave
  2106 | D:4      | XOM: fake destruction
  2109 | D:4      | Killed a slave
  2109 | D:4      | Killed Pikel
  2109 | D:4      | Reached skill level 2 in Throwing
  2109 | D:4      | XOM: divine lightning
  2190 | D:4      | You fall through a shaft!
  2190 | D:5      | Entered Level 5 of the Dungeon
  2269 | D:5      | XOM: 4-stop teleportation journey
  2345 | D:5      | Gained mutation: You evolve. [potion of mutation]
  2345 | D:5      | Gained mutation: Your mind is acute. (Int +2) [potion of
                  | mutation]
  2527 | D:5      | Reached XP level 7. HP: 53/59 MP: 8/8
  2605 | D:5      | Reached skill level 3 in Throwing
  2758 | D:5      | Reached skill level 1 in Ice Magic
  3185 | D:4      | XOM: polymorph gnoll -> iguana
  3258 | D:5      | Gained mutation: You are agile. (Dex +2) [evolution]
  3542 | D:5      | Noticed Prince Ribbit
  3545 | D:5      | XOM: summons 7 friendly demons
  3548 | D:5      | Killed Prince Ribbit
  3548 | D:5      | Reached skill level 4 in Throwing
  3548 | D:5      | Reached XP level 8. HP: 66/66 MP: 8/10
  3941 | D:6      | XOM: confuse monster(s)
  3969 | D:6      | XOM: divination: detect items
  3973 | D:6      | XOM: polymorph gnoll -> worker ant
  3985 | D:6      | XOM: divination: detect items
  4203 | D:6      | Found a radiant altar of Vehumet.
  4204 | D:6      | Found a glowing golden altar of the Shining One.
  4204 | D:6      | Found a stormy altar of Qazlal.
  4206 | D:6      | Found a sparkling altar of Nemelex Xobeh.
  4206 | D:6      | Found a hazy altar of Hepliaklqana.
  4208 | D:6      | Found a deep blue altar of Sif Muna.
  4208 | D:6      | Found a glowing silver altar of Zin.
  4211 | D:6      | Found a snail-covered altar of Cheibriados.
  4222 | D:6      | XOM: 3-stop teleportation journey
  4288 | D:6      | XOM: 2-stop teleportation journey
  4371 | D:6      | Found a staircase to the Ecumenical Temple.
  4501 | D:6      | XOM: cast spell 'Cause Fear'
  4504 | D:6      | Reached skill level 5 in Throwing
  4687 | D:6      | XOM: god gift: potion of haste
  4895 | D:6      | Found a radiant altar of Vehumet.
  4897 | D:6      | Found a shimmering altar of Xom.
  4897 | D:6      | Found a stormy altar of Qazlal.
  4899 | D:6      | Found a blossoming altar of Fedhas.
  4899 | D:6      | Found a sparkling altar of Nemelex Xobeh.
  4899 | D:6      | Found a radiant altar of Vehumet.
  5011 | D:7      | XOM: potion effect (experience)
  5011 | D:7      | Reached skill level 8 in Throwing
  5011 | D:7      | Reached skill level 5 in Stealth
  5011 | D:7      | Reached XP level 9. HP: 59/71 MP: 11/14
  5014 | D:7      | XOM: cleaving
  5516 | D:7      | XOM: give mutations
  5516 | D:7      | Gained mutation: Your muscles are strong. (Str +2) [Xom's
                  | grace]
  5516 | D:7      | Gained mutation: You expend magic power (3 MP) to
                  | strengthen your wands. [Xom's grace]
  5516 | D:7      | Gained mutation: Your muscles are very strong. (Str +4)
                  | [Xom's grace]
  5516 | D:7      | Gained mutation: Your spells are a little harder to cast,
                  | but a little more powerful. [Xom's grace]
  5520 | D:7      | Slain by an orc warrior

Skill      XL: |  1  2  3  4  5  6  7  8  9 |
---------------+----------------------------+-----
Fighting       | 4 |  4.1
Axes           | 4 |  4.1
Armour         | 3 |  3.1
Dodging        | 2 |  2.0
Short Blades   | 1 2 |  2.2
Stealth        | 1 2 3 5 |  5.9
Maces & Flails | 1 2 3 7 |  7.1
Throwing       | 1 2 4 8 |  8.6
Spellcasting   | 1 2 4 |  4.6
Hexes          | 1 |  1.4
Ice Magic      | 1 4 |  4.3
Slings         | |  0.7

Action                   |  1- 3 |  4- 6 |  7- 9 || total
-------------------------+-------+-------+-------++-------
Melee: Hand axe          |    88 |    34 |       ||   122
       Headbutt          |     7 |    11 |    33 ||    51
       Whip              |       |    60 |   153 ||   213
       Rapier            |       |       |    56 ||    56
 Fire: Hunting sling     |     2 |       |     1 ||     3
Throw: Stone             |       |     6 |       ||     6
       Javelin           |       |       |     3 ||     3
 Cast: Ensorcelled Hiber |       |       |     7 ||     7
  Use: Scroll            |       |    11 |     2 ||    13
       Potion            |       |     6 |     5 ||    11
 Stab: Sleeping          |       |       |    11 ||    11
       Distracted        |       |       |     3 ||     3
       Confused          |       |       |     1 ||     1
  Eat: Chunk             |       |     3 |     8 ||    11
       Ration            |       |     1 |     1 ||     2
Armor: Leather armour    |    37 |    20 |    73 ||   130
       Skin              |       |       |    11 ||    11
Dodge: Dodged            |    68 |    53 |   143 ||   264
